MID
GREENSBORO GRASSHOPPERS @ HARTFORD YARD GOATS
09/13/2045
 
TOP OF THE 1ST
Greensboro Grasshoppers batting - Pitching for Hartford Yard Goats : RHP Dave Spriggs
Pitching: RHP Dave Spriggs
Batting: RHB Rick Fell 0-0: Called Strike
0-1: Foul Ball, location: 2F
0-2: Ball
1-2: Ground out 6-3 (Groundball, 56D, EV 91.2 MPH)
Batting: LHB Jose Cabello 0-0: Called Strike
0-1: Ball
1-1: Swinging Strike
1-2: Ball
2-2: Strikes out swinging
Batting: RHB Akira Suzuki 0-0: Ball
1-0: Ball
2-0: Foul Ball, location: 2F
2-1: Ground out 5-3 (Groundball, 5, EV 101.9 MPH)
Top of the 1st over - 0 runs, 0 hits, 0 errors, 0 left on base; Greensboro 0 - Hartford 0
BOTTOM OF THE 1ST
Hartford Yard Goats batting - Pitching for Greensboro Grasshoppers : RHP Jorge Lopez
Pitching: RHP Jorge Lopez
Batting: LHB Glenn Lowther 0-0: Ball
1-0: Ball
2-0: Called Strike
2-1: Swinging Strike
2-2: Foul Ball, location: 2F
2-2: Foul Ball, location: 2F
2-2: Ground out 4-3 (Groundball, 4, EV 85.0 MPH)
Batting: LHB Bill McGregor 0-0: Called Strike
0-1: Ball
1-1: Ball
2-1: DOUBLE (Line Drive, 5D, EV 103.1 MPH)
Batting: LHB Greg Valenzuela 0-0: Foul Ball, location: 2F
0-1: Foul Ball, location: 2F
0-2: Ball
1-2: Ball
2-2: Ball
3-2: Strikes out swinging
Batting: LHB Jeremy Brammer 0-0: Ball
1-0: Foul Ball, location: 2F
1-1: Foul Ball, location: 2F
1-2: Strikes out swinging
Bottom of the 1st over - 0 runs, 1 hit, 0 errors, 1 left on base; Greensboro 0 - Hartford 0
TOP OF THE 2ND
Greensboro Grasshoppers batting - Pitching for Hartford Yard Goats : RHP Dave Spriggs
Batting: RHB Jake Shelton 0-0: Ball
1-0: Called Strike
1-1: Foul Ball, location: 2F
1-2: Ground out 4-3 (Groundball, 4, EV 93.8 MPH)
Batting: RHB Willie Chavez 0-0: Called Strike
0-1: Swinging Strike
0-2: Strikes out swinging
Batting: RHB Jerry Delgado 0-0: Ball
1-0: Fly out, F8 (Flyball, 8LM, EV 91.9 MPH)
Top of the 2nd over - 0 runs, 0 hits, 0 errors, 0 left on base; Greensboro 0 - Hartford 0
BOTTOM OF THE 2ND
Hartford Yard Goats batting - Pitching for Greensboro Grasshoppers : RHP Jorge Lopez
Batting: RHB Tyler Stebbins 0-0: Ground out 6-3 (Groundball, 6, EV 97.5 MPH)
Batting: LHB Elijah Black 0-0: SINGLE (Line Drive, 8RM, EV 93.1 MPH)
Batting: LHB Zane Kelton 0-0: Ball
1-0: Grounds out, U3 (Groundball, 3L, EV 87.5 MPH)
Batting: RHB Chris Tatum 0-0: SINGLE (Groundball, 56D, EV 97.5 MPH)
Elijah Black to third
Runner from 3rd tries for Home, SAFE, throw by LF to home
Batting: RHB Guillermo Veronese 0-0: Ball
1-0: Ball
2-0: Called Strike
2-1: Foul Ball, location: 2F
2-2: Foul Ball, location: 2F
2-2: Foul Ball, location: 2F
2-2: Strikes out swinging
Bottom of the 2nd over - 1 run, 2 hits, 0 errors, 1 left on base; Greensboro 0 - Hartford 1
TOP OF THE 3RD
Greensboro Grasshoppers batting - Pitching for Hartford Yard Goats : RHP Dave Spriggs
Batting: RHB Kyle Ashton 0-0: Called Strike
0-1: Swinging Strike
0-2: Strikes out looking
Batting: LHB Emilio Cordero 0-0: Called Strike
0-1: Ball
1-1: Ball
2-1: Foul Ball, location: 2F
2-2: Ball
3-2: Fly out, F8 (Flyball, 78XD, EV 101.9 MPH)
Batting: RHB Humberto Oros 0-0: SINGLE (Line Drive, 7S, EV 93.1 MPH)
Batting: RHB Rick Fell 0-0: Called Strike
0-1: Foul Ball, location: 2F
0-2: Strikes out swinging
Top of the 3rd over - 0 runs, 1 hit, 0 errors, 1 left on base; Greensboro 0 - Hartford 1
BOTTOM OF THE 3RD
Hartford Yard Goats batting - Pitching for Greensboro Grasshoppers : RHP Jorge Lopez
Batting: LHB Glenn Lowther 0-0: Ball
1-0: Foul Ball, location: 2F
1-1: Foul Ball, location: 2F
1-2: TRIPLE (Flyball, 89XD, EV 107.5 MPH)
Batting: LHB Bill McGregor 0-0: SINGLE (Flyball, 4MD, EV 87.5 MPH)
Glenn Lowther scores
Batting: LHB Greg Valenzuela 0-0: Called Strike
0-1: Ball
Bill McGregor steals 2nd base
1-1: Foul Ball, location: 2F
1-2: Ball
2-2: Foul Ball, location: 2F
2-2: SINGLE (Line Drive, 4MD, EV 98.1 MPH)
Bill McGregor to third
Batting: LHB Jeremy Brammer 0-0: Called Strike
Greg Valenzuela steals 2nd base
0-1: Ball
1-1: Ball
2-1: Ball
3-1: Called Strike
3-2: Base on Balls
Batting: RHB Tyler Stebbins 0-0: Called Strike
0-1: Foul Ball, location: 2F
0-2: Ball
1-2: Ball
2-2: Strikes out swinging
Batting: LHB Elijah Black 0-0: Called Strike
0-1: SINGLE (Groundball, 23, EV 67.5 MPH) (infield hit)
Bill McGregor scores
Greg Valenzuela to third
Jeremy Brammer to second
Batting: LHB Zane Kelton 0-0: Called Strike
0-1: DOUBLE (Line Drive, 78XD, EV 111.9 MPH)
Greg Valenzuela scores
Jeremy Brammer scores
Elijah Black to third
Pitching: RHP Jeremy Akande
Batting: RHB Chris Tatum 0-0: Called Strike
0-1: Ball
1-1: SINGLE (Groundball, 6S, EV 96.9 MPH)
Elijah Black scores
Zane Kelton to third
Runner from 3rd tries for Home, SAFE, throw by CF to home
Batting: RHB Guillermo Veronese 0-0: Ball
1-0: Called Strike
1-1: Foul Ball, location: 2F
1-2: Fly out, F8 (Flyball, 8RD, EV 108.8 MPH)
Batting: LHB Glenn Lowther 0-0: Ball
1-0: Ball
2-0: Called Strike
2-1: Ball
3-1: Foul Ball, location: 2F
3-2: Base on Balls
Chris Tatum to second
Batting: LHB Bill McGregor 0-0: Ground out 4-3 (Groundball, 34D, EV 104.4 MPH)
Bottom of the 3rd over - 6 runs, 6 hits, 0 errors, 2 left on base; Greensboro 0 - Hartford 7
TOP OF THE 4TH
Greensboro Grasshoppers batting - Pitching for Hartford Yard Goats : RHP Dave Spriggs
Batting: LHB Jose Cabello 0-0: Foul Ball, location: 2F
0-1: Ball
1-1: Called Strike
1-2: Strikes out swinging
Batting: RHB Akira Suzuki 0-0: Ball
1-0: Fly out, F4 (Popup, 4D, EV 51.9 MPH)
Batting: RHB Jake Shelton 0-0: Called Strike
0-1: Ball
1-1: Swinging Strike
1-2: Strikes out swinging
Top of the 4th over - 0 runs, 0 hits, 0 errors, 0 left on base; Greensboro 0 - Hartford 7
BOTTOM OF THE 4TH
Hartford Yard Goats batting - Pitching for Greensboro Grasshoppers : RHP Jeremy Akande
Batting: LHB Greg Valenzuela 0-0: Ball
1-0: Foul Ball, location: 2F
1-1: Called Strike
1-2: Strikes out swinging
Batting: LHB Jeremy Brammer 0-0: DOUBLE (Flyball, 9LD, EV 105.6 MPH)
Batting: RHB Tyler Stebbins 0-0: Foul Ball, location: 2F
0-1: Swinging Strike
0-2: Foul Ball, location: 2F
0-2: Strikes out swinging
Batting: LHB Elijah Black 0-0: Ground out 1-3 (Groundball, P, EV 66.9 MPH)
Bottom of the 4th over - 0 runs, 1 hit, 0 errors, 1 left on base; Greensboro 0 - Hartford 7
TOP OF THE 5TH
Greensboro Grasshoppers batting - Pitching for Hartford Yard Goats : RHP Dave Spriggs
Batting: RHB Willie Chavez 0-0: Ball
1-0: Fly out, F7 (Line Drive, 7, EV 98.1 MPH)
Batting: RHB Jerry Delgado 0-0: Ball
1-0: Foul Ball, location: 2F
1-1: Ball
2-1: Ball
3-1: Base on Balls
Batting: RHB Kyle Ashton 0-0: Foul Ball, location: 2F
0-1: Called Strike
0-2: Ball
1-2: Strikes out swinging
Batting: LHB Emilio Cordero 0-0: Ball
Jerry Delgado steals 2nd base (no throw)
1-0: Ground out 2-3 (Groundball, 13S, EV 65.6 MPH)
Top of the 5th over - 0 runs, 0 hits, 0 errors, 1 left on base; Greensboro 0 - Hartford 7
BOTTOM OF THE 5TH
Hartford Yard Goats batting - Pitching for Greensboro Grasshoppers : RHP Jeremy Akande
Batting: LHB Zane Kelton 0-0: Fly out, F9 (Flyball, 89D, EV 93.8 MPH)
Batting: RHB Chris Tatum 0-0: Fly out, F3 (Popup, 34S, EV 73.8 MPH)
Batting: RHB Guillermo Veronese 0-0: Foul Ball, location: 2F
0-1: Swinging Strike
0-2: Strikes out swinging
Bottom of the 5th over - 0 runs, 0 hits, 0 errors, 0 left on base; Greensboro 0 - Hartford 7
TOP OF THE 6TH
Greensboro Grasshoppers batting - Pitching for Hartford Yard Goats : RHP Dave Spriggs
Batting: RHB Humberto Oros 0-0: Ball
1-0: Ball
2-0: Fly out, F8 (Line Drive, 8RD, EV 89.4 MPH)
Batting: RHB Rick Fell 0-0: Ball
1-0: Ball
2-0: Ball
3-0: Base on Balls
Batting: LHB Jose Cabello 0-0: Foul Ball, location: 2F
0-1: SINGLE (Groundball, 34D, EV 96.9 MPH)
Rick Fell to second
Batting: RHB Akira Suzuki 0-0: Ball
1-0: Ball
2-0: Ground out 5-3 (Groundball, 56S, EV 65.6 MPH)
Rick Fell to third
Jose Cabello to second
Batting: RHB Jake Shelton 0-0: Called Strike
0-1: Foul Ball, location: 2F
0-2: SINGLE (Groundball, 6M, EV 96.9 MPH) (infield hit)
Rick Fell scores
Jose Cabello to third
Batting: RHB Willie Chavez 0-0: Called Strike
0-1: Fielders Choice at 2nd, 6-4 (Groundball, 56, EV 102.5 MPH)
Top of the 6th over - 1 run, 2 hits, 0 errors, 2 left on base; Greensboro 1 - Hartford 7
BOTTOM OF THE 6TH
Hartford Yard Goats batting - Pitching for Greensboro Grasshoppers : RHP Jeremy Akande
Batting: LHB Glenn Lowther 0-0: Ground out U3 (Groundball, 34, EV 83.8 MPH)
Batting: LHB Bill McGregor 0-0: Ball
1-0: Foul Ball, location: 2F
1-1: Ball
2-1: Foul Ball, location: 2F
2-2: Foul Ball, location: 2F
2-2: Ball
3-2: Ground out U3 (Groundball, 3, EV 82.5 MPH)
Batting: LHB Greg Valenzuela 0-0: Ball
1-0: Ball
2-0: Ball
3-0: Called Strike
3-1: Base on Balls
Batting: LHB Jeremy Brammer 0-0: Called Strike
0-1: Called Strike
Greg Valenzuela steals 2nd base (no throw)
0-2: Ball
1-2: Ball
2-2: Ball
3-2: Base on Balls
Batting: RHB Tyler Stebbins 0-0: Ball
1-0: Ball
2-0: Ball
3-0: Base on Balls
Greg Valenzuela to third
Jeremy Brammer to second
Pitching: RHP Joe Lynn
Batting: LHB Elijah Black 0-0: Ball
1-0: Swinging Strike
1-1: Ground out 4-3 (Groundball, 34, EV 103.8 MPH)
Bottom of the 6th over - 0 runs, 0 hits, 0 errors, 3 left on base; Greensboro 1 - Hartford 7
TOP OF THE 7TH
Greensboro Grasshoppers batting - Pitching for Hartford Yard Goats : RHP Dave Spriggs
Batting: RHB Jerry Delgado 0-0: Ball
1-0: Ground out 1-3 (Groundball, P, EV 74.4 MPH)
Batting: RHB Kyle Ashton 0-0: Called Strike
0-1: Foul Ball, location: 2F
0-2: Ball
1-2: Strikes out swinging
Batting: LHB Emilio Cordero 0-0: Ball
1-0: Called Strike
1-1: Foul Ball, location: 2F
1-2: Fly out, F5 (Popup, 25F, EV 90.0 MPH)
Top of the 7th over - 0 runs, 0 hits, 0 errors, 0 left on base; Greensboro 1 - Hartford 7
BOTTOM OF THE 7TH
Hartford Yard Goats batting - Pitching for Greensboro Grasshoppers : RHP Joe Lynn
Batting: LHB Zane Kelton 0-0: Foul Ball, location: 2F
0-1: Swinging Strike
0-2: Strikes out swinging
Batting: RHB Chris Tatum 0-0: Called Strike
0-1: Ball
1-1: Ball
2-1: Foul Ball, location: 2F
2-2: Ball
3-2: Base on Balls
Batting: RHB Guillermo Veronese 0-0: Ball
1-0: Foul Ball, location: 2F
1-1: Ball
2-1: Foul Ball, location: 2F
2-2: Ball
3-2: Base on Balls
Chris Tatum to second
Pitching: RHP Chris Forster
Batting: LHB Glenn Lowther 0-0: Ball
1-0: Called Strike
1-1: SINGLE (Groundball, 4M, EV 95.6 MPH) (infield hit)
Chris Tatum to third
Guillermo Veronese to second
Batting: LHB Bill McGregor 0-0: Ball
1-0: Swinging Strike
1-1: Foul Ball, location: 2F
1-2: Ball
2-2: Foul Ball, location: 2F
2-2: Ball
Balk!
Chris Tatum scores
Guillermo Veronese to third
Glenn Lowther to second
3-2: Strikes out swinging
Batting: LHB Greg Valenzuela 0-0: Ball
1-0: Called Strike
1-1: Swinging Strike
1-2: Ball
2-2: Hit by Pitch
Batting: LHB Jeremy Brammer 0-0: Called Strike
0-1: Swinging Strike
0-2: Ball
1-2: Ball
2-2: Strikes out swinging
Bottom of the 7th over - 1 run, 1 hit, 0 errors, 3 left on base; Greensboro 1 - Hartford 8
TOP OF THE 8TH
Greensboro Grasshoppers batting - Pitching for Hartford Yard Goats : RHP Dave Spriggs
Pitching: RHP Angelo Ayala
Batting: RHB Humberto Oros 0-0: Ball
1-0: Swinging Strike
1-1: Ball
2-1: Ball
3-1: Base on Balls
Pinch Hitting: RHB Gavin Helton 0-0: Ball
1-0: Ball
2-0: Called Strike
2-1: Called Strike
2-2: Ball
3-2: Base on Balls
Humberto Oros to second
Batting: LHB Jose Cabello 0-0: SINGLE (Line Drive, 89S, EV 98.1 MPH)
Humberto Oros to third
Gavin Helton to second
Runner from 3rd tries for Home, throw by RF and OUT! 9-2
Batting: RHB Akira Suzuki 0-0: Called Strike
0-1: Fly out, F9 (Flyball, 9LS, EV 84.4 MPH)
Batting: RHB Jake Shelton 0-0: Ball
1-0: Ball
2-0: Fly out, F6 (Flyball, 6MD, EV 88.8 MPH)
Top of the 8th over - 0 runs, 1 hit, 0 errors, 2 left on base; Greensboro 1 - Hartford 8
BOTTOM OF THE 8TH
Hartford Yard Goats batting - Pitching for Greensboro Grasshoppers : RHP Chris Forster
Now at 1B: Gavin Helton
Now in LF: Jake Shelton
Batting: RHB Tyler Stebbins 0-0: Ball
1-0: Foul Ball, location: 2F
1-1: DOUBLE (Flyball, 8RXD, EV 95.0 MPH)
Pitching: RHP Tamirat Abboud
Batting: LHB Elijah Black 0-0: Called Strike
0-1: Swinging Strike
0-2: Strikes out swinging
Batting: LHB Zane Kelton 0-0: Ball
1-0: Ball
2-0: SINGLE (Groundball, 4S, EV 62.5 MPH) (infield hit)
Tyler Stebbins to third
Batting: RHB Chris Tatum 0-0: Foul Ball, location: 2F
0-1: Ball
1-1: Ball
2-1: Ground out 5-3 (Groundball, 5S, EV 70.0 MPH)
Tyler Stebbins scores
Zane Kelton to second
Batting: RHB Guillermo Veronese 0-0: Called Strike
0-1: Called Strike
0-2: Foul Ball, location: 2F
0-2: Strikes out swinging
Bottom of the 8th over - 1 run, 2 hits, 0 errors, 1 left on base; Greensboro 1 - Hartford 9
TOP OF THE 9TH
Greensboro Grasshoppers batting - Pitching for Hartford Yard Goats : RHP Angelo Ayala
Batting: RHB Willie Chavez 0-0: Foul Ball, location: 2F
0-1: Called Strike
0-2: Foul Ball, location: 2F
0-2: Ball
1-2: Foul Ball, location: 2F
1-2: Ball
2-2: Strikes out swinging
Batting: RHB Jerry Delgado 0-0: Ground out 4-3 (Groundball, 4, EV 87.5 MPH)
Pinch Hitting: RHB Marco Sianez 0-0: Called Strike
0-1: Ball
1-1: SINGLE (Line Drive, 5D, EV 99.4 MPH)
Batting: LHB Emilio Cordero 0-0: Swinging Strike
0-1: Foul Ball, location: 2F
0-2: Ball
1-2: Ground out U3 (Groundball, 34, EV 103.1 MPH)
Top of the 9th over - 0 runs, 1 hit, 0 errors, 1 left on base; Greensboro 1 - Hartford 9
Wednesday, June 22nd , 2022 - OOTP Baseball 23.4 Build 64